 Dungeon Crawl Stone Soup version 0.28-a0-1199-gef9e1dbd39 (webtiles) character file.

Game seed: 4970786272271409789

1280 Smythe the Conjurer (level 8, 0/56 HPs)
             Began as a Red Draconian Conjurer on Dec 20, 2021.
             Was a Believer of Hepliaklqana.
             Slain by a centaur (3 damage)
             ... on level 5 of the Dungeon.
             The game lasted 00:42:37 (8851 turns).

Smythe the Conjurer (Red Draconian Conjurer)        Turns: 8851, Time: 00:42:38

Health: 0/56       AC:  6    Str: 10    XL:     8   Next: 29%
Magic:  0/14       EV: 13    Int: 20    God:    Hepliaklqana [**....]
Gold:   337        SH:  0    Dex: 13    Spells: 2/15 levels left

rFire   + . .      SeeInvis .   f - +7 lajatang of Lachrymose Guilt {vorpal, *Slow rN+ rCorr Dex+3}
rCold   . . .      Faith    .   (shield currently unavailable)
rNeg    + . .      Spirit   +   (armour unavailable)
rPois   .          Reflect  .   (helmet restricted)
rElec   .          Harm     .   (no cloak)
rCorr   +          Rampage  .   (no gloves)
Will    .....                   (no boots)
Stlth   ++........              k - amulet of guardian spirit
HPRegen 0.18/turn               (no ring)
MPRegen 0.14/turn               (no ring)

@: studying Air Magic
A: reduced essence, breathe fire, AC +6, unfitting armour, fire resistance 1,
cold-blooded
a: Breathe Fire, Renounce Religion, Ancestor Life: Knight, Ancestor Life:
Battlemage, Ancestor Life: Hexer, Recall Ancestor, Ancestor Identity


You were on level 5 of the Dungeon.
You worshipped Hepliaklqana.
Hepliaklqana was pleased with you.
You visited 1 branch of the dungeon, and saw 5 of its levels.

You collected 372 gold pieces.
You spent 35 gold pieces at shops.

Inventory:

Hand Weapons
 d - a +3 dagger
 f - the +7 lajatang of Lachrymose Guilt (weapon) {vorpal, *Slow rN+ rCorr Dex+3}
   (You acquired it on level 2 of the Dungeon)

   It inflicts extra damage upon your enemies.
   Dex:       It affects your dexterity (+3).
   rN:        It protects you from negative energy.
   rCorr:     It protects you from acid and corrosion.
   *Slow:     It may slow you when you take damage.
 j - a +0 rapier
 l - a +3 quarterstaff of chaos
 m - a +0 antimagic whip
Missiles
 a - 5 datura-tipped darts (quivered)
Magical Staves
 c - a staff of death
Jewellery
 k - an amulet of guardian spirit (around neck)
 n - a ring of willpower
Scrolls
 b - a scroll of amnesia
 h - a scroll of enchant armour
 i - 2 scrolls of identify
Potions
 e - 2 potions of heal wounds {unknown}
 g - a potion of mutation
 o - a potion of degeneration {unknown}


   Skills:
 + Level 3.1 Fighting
 + Level 5.1 Staves
 + Level 3.5 Dodging
 + Level 3.3 Stealth
 + Level 0.4 Unarmed Combat
 + Level 4.2 Spellcasting
 + Level 6.2 Conjurations
 + Level 1.0 Earth Magic


You had 2 spell levels left.
You knew the following spells:

 Your Spells              Type           Power      Damage    Failure   Level
a - Magic Dart            Conj           100%       1d8       1%          1
b - Searing Ray           Conj           58%        2d6       1%          2
c - Summon Hydra          Summ           2%         N/A       100%        7
d - Stone Arrow           Conj/Erth      36%        3d9       9%          3

Your spell library contained the following spells:

 Spells                   Type           Power      Damage    Failure   Level
 Sublimation of Blood     Necr           4%         N/A       19%         2
 Wereblood                Tmut           4%         N/A       19%         2
 Dazzling Flash           Conj/Hex       32%        N/A       11%         3
 Fulminant Prism          Conj/Hex       8%         3d7       34%         4
 Iskenderun's Mystic Bla  Conj/Tloc      16%        2d5       34%         4
 Ozocubu's Armour         Ice            4%         N/A       36%         3
 Ozocubu's Refrigeration  Ice            2%         4d5       100%        7
 Lehudib's Crystal Spear  Conj/Erth      9%         10d4      100%        8
 Animate Armour           Summ/Erth      Unusable   N/A       N/A         4

Dungeon Overview and Level Annotations

Branches:
Dungeon (5/15)
 Temple: D:4-7

Altars:
Gozag
Hepliaklqana

Shops:
D:1 (   D:3 ?

Annotations:
D:5 Adrian566's ghost, novice TrFi


Innate Abilities, Weirdness & Mutations

Your life essence is reduced to manifest your ancestor. (-10% HP)
You can breathe blasts of fire.
Your fiery red scales are hard. (AC +6)
You cannot fit into any form of body armour.
Your flesh is heat resistant. (rF+)
You are cold-blooded and may be slowed by cold attacks.


Message History

Adrian566's ghost closely misses you.
The centaur wields a +0 shortbow.
The centaur shoots an arrow.
The arrow barely misses Sanele.
The arrow closely misses you.
The centaur hits Sanele.
The centaur kicks Sanele.
Sanele hits the centaur.
Adrian566's ghost hits Sanele!
The centaur unwields a +0 shortbow.
The centaur barely misses Sanele.
The centaur kicks Sanele but does no damage.
Casting: Magic Dart (safe; 1% risk of failure)
Confirm with . or Enter, or press ? or * to list all spells.
Aiming: Stone Arrow (dangerous; 9% risk of failure)
Press: ? - help, Shift-Dir - straight line, f - Adrian566's ghost
Aim: Adrian566's ghost, wielding a weapon of protection (68% to hit)
The stone arrow hits Adrian566's ghost!
Adrian566's ghost is lightly damaged.
The centaur wields a +0 shortbow.
The centaur shoots an arrow.
The arrow hits Sanele.
Sanele hits the centaur but does no damage.
The centaur hits Sanele.
The centaur kicks Sanele.
Adrian566's ghost hits Sanele!!
Sanele is destroyed!
The centaur shoots an arrow.
The arrow hits you!
Casting: Stone Arrow (dangerous; 9% risk of failure)
Confirm with . or Enter, or press ? or * to list all spells.
Aiming: Stone Arrow (dangerous; 9% risk of failure)
Press: ? - help, Shift-Dir - straight line, f/p - Adrian566's ghost
Aim: Adrian566's ghost, wielding a weapon of protection (lightly damaged, 68% to hit)
The stone arrow hits Adrian566's ghost!
Adrian566's ghost is moderately damaged.
The centaur wields a +0 shortbow.
The centaur shoots an arrow.
The arrow hits you!
The centaur shoots an arrow.
The arrow hits you.
You hit Adrian566's ghost.
Adrian566's ghost is moderately damaged.
The centaur unwields a +0 shortbow.
The centaur barely misses you. The centaur completely misses you.
The centaur unwields a +0 shortbow.
The centaur hits you. The centaur kicks you. Adrian566's ghost hits you!!
* * * LOW HITPOINT WARNING * * *
You slash the centaur!
The centaur is almost dead.
The centaur hits you.
You die...

####.....#...# ##.#
#.........# #...
##...##..## ...
##...#...####
#####.###............
##.8∩##......#....##.
#....$#.....##...##
#8.$..'c....###.##
#∩.8_$SW@...#####..
#8$.$.'c..........#
#..$$.#.....#####..
##.8.##.........####
### #.....#.......##
#..#>#####.....##
...####..........#
... ##.......##.####
.... #............#.#


You could see 2 centaurs, Adrian566's ghost and an adder.

Vanquished Creatures
  A water moccasin (D:5)
  A black bear (D:4)
  3 ogres
  A centaur (D:4)
  A gnoll shaman (D:5)
  A hound (D:5)
  2 jellies (D:5)
  Crazy Yiuf (D:2)
  3 iguanas
  5 orc wizards (D:4)
  2 hound skeletons
  6 gnolls
  3 adders
  An ufetubus (D:5)
  An adder skeleton (D:4)
  2 worms
  7 orcs
  3 bats
  9 endoplasms
  4 giant cockroaches
  6 goblins
  4 hobgoblins
  8 jackals
  6 kobolds
  3 quokkas
  4 ball pythons
  5 frilled lizards
  9 rats
102 creatures vanquished.

Vanquished Creatures (collateral kills)
  A scorpion (D:4)
  A bullfrog skeleton (D:5)
  An orc wizard (D:4)
  A howler monkey zombie (D:5)
  3 gnolls
  A shadow imp (D:5)
  An ufetubus (D:5)
  An endoplasm (D:4)
  A goblin (D:4)
11 creatures vanquished.

Vanquished Creatures (others)
  3 ancestors
3 creatures vanquished.

Grand Total: 116 creatures vanquished

Notes
Turn   | Place    | Note
-------+----------+-------------------------------------------
     0 | D:1      | Smythe the Draconian Conjurer began the quest for the Orb.
     0 | D:1      | Reached XP level 1. HP: 14/14 MP: 3/3
   912 | D:1      | Reached XP level 2. HP: 20/20 MP: 3/5
  1130 | D:1      | Identified a scroll of acquirement
  1130 | D:1      | Acquired a staff of death
  1480 | D:1      | Found Meh Wull's Weapon Boutique.
  1865 | D:1      | Reached XP level 3. HP: 26/26 MP: 3/6
  2534 | D:2      | Acquired the +7 lajatang of Lachrymose Guilt {vorpal, *Slow
                  | rN+ rCorr Dex+3}
  2587 | D:2      | Learned a level 2 spell: Searing Ray
  2856 | D:2      | Reached XP level 4. HP: 33/33 MP: 3/7
  3503 | D:2      | Found a runed translucent door.
  3504 | D:2      | Noticed Crazy Yiuf
  3511 | D:2      | Killed Crazy Yiuf
  3512 | D:2      | Reached skill level 1 in Staves
  3706 | D:3      | Learned a level 4 spell: Iskenderun's Mystic Blast
  3922 | D:3      | Found Qaciercheg's Magic Scroll Shop.
  3931 | D:3      | Bought a scroll of amnesia for 35 gold pieces
  4122 | D:3      | Found a faded altar of an unknown god.
  4130 | D:3      | Prayed at the altar of an unknown god.
  4130 | D:3      | Became a worshipper of Hepliaklqana the Forgotten
  4130 | D:3      | Reached * piety under Hepliaklqana
  4344 | D:3      | Reached XP level 5. HP: 35/35 MP: 6/8
  4369 | D:3      | Noticed an ogre
  4376 | D:3      | Killed an ogre
  4377 | D:3      | Reached skill level 1 in Fighting
  5248 | D:4      | Reached skill level 5 in Conjurations
  5248 | D:4      | Reached XP level 6. HP: 42/42 MP: 5/9
  5630 | D:4      | Reached ** piety under Hepliaklqana
  6012 | D:4      | Your scales start taking on a fiery red colour.
  6012 | D:4      | Reached XP level 7. HP: 50/50 MP: 5/11
  6012 | D:4      | Gained mutation: Your flesh is heat resistant. (rF+) [Red
                  | Draconian growth]
  6382 | D:4      | Learned a level 7 spell: Summon Hydra
  7322 | D:4      | Learned a level 3 spell: Stone Arrow
  7579 | D:5      | Entered Level 5 of the Dungeon
  8188 | D:5      | Reached skill level 6 in Conjurations
  8192 | D:5      | Reached XP level 8. HP: 19/55 MP: 2/14
  8691 | D:5      | Reached skill level 5 in Staves
  8799 | D:5      | Found a runed translucent gate.
  8799 | D:5      | Found a runed translucent gate.
  8799 | D:5      | Found a runed translucent gate.
  8801 | D:5      | Found an opulent altar of Gozag.
  8840 | D:5      | Noticed Adrian566's ghost (novice TrFi)
  8846 | D:5      | Reached skill level 1 in Earth Magic
  8851 | D:5      | Slain by a centaur

Illustrated notes

Levels and vault maps discovered:
D:1:      minmay_arrival_jagged, layout_loops_ring, serial_shops,
          nicolae_shop_bloodbath_and_beyond
D:2:      layout_basic, minmay_split_cup_small, uniq_crazy_yiuf_cottage
D:3:      layout_basic, shapermc_ecumenical_altar_flowoftime, serial_shops,
          nicolae_shop_stone
D:4:      layout_layer_cave, minmay_a_box_with_orc_wizards_in_it
D:5:      minmay_general_purpose_star, layout_cave_pools,
          nicolae_overflow_hallway_of_the_gods, ebering_ghost_gozag,
          minmay_manual_monstrance

Skill      XL: |  1  2  3  4  5  6  7  8 |
---------------+-------------------------+-----
Dodging        | 2 3 |  3.5
Stealth        | 2 3 |  3.3
Staves         | 1 3 4 5 |  5.1
Fighting       | 1 2 3 |  3.1
Conjurations   | 5 6 |  6.2
Spellcasting   | 3 4 |  4.2
Earth Magic    | 1 |  1.0
Unarmed Combat | |  0.4

Action                   |  1- 3 |  4- 6 |  7- 9 || total
-------------------------+-------+-------+-------++-------
Melee: Unarmed           |    36 |       |       ||    36
       Tailslap          |     8 |     1 |     2 ||    11
       Staff             |    27 |       |       ||    27
       Lajatang          |     6 |    41 |    37 ||    84
 Cast: Magic Dart        |    60 |    72 |    39 ||   171
       Searing Ray       |     1 |     3 |     1 ||     5
       Stone Arrow       |       |       |    19 ||    19
  Use: Scroll            |     4 |     6 |       ||    10
       Potion            |     4 |     2 |     2 ||     8
 Stab: Sleeping          |     2 |     1 |     1 ||     4
Armor: Skin              |    33 |    23 |     9 ||    65
Dodge: Dodged            |    57 |    54 |    48 ||   159

Table legend: (Time is in decaauts)
 A = Elapsed time spent in this place.
 B = Non-inter-level travel time spent in this place.
 C = Inter-level travel time spent in this place.
 D = Time resting spent in this place.
 E = Time spent auto-exploring this place.
 F = Levels seen in this place.
 G = Mean time per level.
                   A        B        C        D        E       F      G
               +--------+--------+--------+--------+--------+-----+--------+
         Total |   8877 |   8400 |    477 |   4056 |   3546 |   5 | 1775.4 |
       Dungeon |   8877 |   8400 |    477 |   4056 |   3546 |   5 | 1775.4 |
               +--------+--------+--------+--------+--------+-----+--------+

Top non-repeatable levels by time:
     D:1: 2412 daAuts
     D:4: 2393 daAuts
     D:3: 1511 daAuts
     D:2: 1283 daAuts
     D:5: 1277 daAuts
